 Dungeon Crawl Stone Soup version 0.30-a0-1074-g5db6f66fbb (webtiles) character file.

Game seed: 15979158761454358581

88 jimonade the Grasshopper (level 4, -4/30 HPs)
             Began as an Octopode Warper on Apr 13, 2023.
             Slain by an orc
             ... wielding a +0 trident
              (9 damage)
             ... on level 3 of the Dungeon.
             The game lasted 00:02:10 (1961 turns).

jimonade the Grasshopper (Octopode Warper)          Turns: 1961, Time: 00:02:11

Health: -4/30      AC:  1    Str: 10    XL:     4   Next: 54%
Magic:  7/7        EV: 13    Int: 15    God:
Gold:   108        SH:  0    Dex: 13    Spells: 7/7 levels left

rFire   . . .      SeeInvis .    a - +0 hand axe (venom)
rCold   . . .      Faith    .    (no shield)
rNeg    . . .      Spirit   .    (helmet restricted)
rPois   .          Reflect  .    (no amulet)
rElec   .          Rampage  .    (no ring)
rCorr   .                        (no ring)
Will    .....                    (no ring)
Stlth   +++                      (no ring)
HPRegen 0.25/turn                (no ring)
MPRegen 0.10/turn                (no ring)
                                 (no ring)
                                 (no ring)

@: no status effects
A: almost no armour, amphibious, 8 rings, camouflage 1, gelatinous body 1,
(nimble swimmer 1), tentacles
a: no special abilities


You were on level 3 of the Dungeon.
You visited 1 branch of the dungeon, and saw 3 of its levels.

You collected 108 gold pieces.

Inventory:

Hand Weapons
 a - a +0 hand axe of venom (weapon)
 b - a +1 sling of flaming
 p - a +0 short sword
 s - a +0 morningstar
Missiles
 c - 7 boomerangs of dispersal (quivered)
 f - 4 silver boomerangs
 k - 2 poisoned darts
 r - 4 atropa-tipped darts
Wands
 t - a wand of quicksilver (10)
Scrolls
 d - 3 scrolls of noise {unknown}
 g - a scroll of brand weapon {unknown}
 h - a scroll of vulnerability {unknown}
 i - a scroll of immolation {unknown}
 j - a scroll of identify {unknown}
 o - 2 scrolls of teleportation {unknown}
 q - a scroll of blinking
 u - a scroll of poison {unknown}
Potions
 e - 2 potions of might {unknown}
 l - 2 potions of curing {unknown}
 m - a potion of degeneration {unknown}
 n - a potion of cancellation {unknown}


   Skills:
 + Level 2.6 Fighting
 - Level 2.2 Short Blades
 + Level 1.0 Throwing
 + Level 3.0 Dodging
 + Level 1.8 Stealth
 + Level 2.1 Spellcasting
 * Level 3.8 Translocations


You had 7 spell levels left.
You didn't know any spells.
Your spell library contained the following spells:

 Spells                   Type           Power      Damage    Failure   Level
 Blink                    Tloc           26%        N/A       7%          2
 Lesser Beckoning         Tloc           26%        N/A       7%          2
 Teleport Other           Tloc           13%        N/A       14%         3
 Vhi's Electric Charge    Tloc/Air       14%        N/A       30%         3
 Volatile Blastmotes      Fire/Tloc      14%        2d11      30%         3
 Manifold Assault         Tloc           13%        N/A       41%         4
 Dazzling Flash           Conj/Hex       2%         N/A       54%         3
 Iskenderun's Mystic Bla  Conj/Tloc      7%         2d4       69%         4
 Starburst                Conj/Fire      0%         6d3       100%        6


Dungeon Overview and Level Annotations

Branches:
Dungeon (3/15)

Altars:


Innate Abilities, Weirdness & Mutations

You cannot wear most types of armour.
You are amphibious.
You can wear up to eight rings at the same time.
Your skin changes colour to match your surroundings (Stealth+).
Your rubbery body absorbs attacks. (AC +1, EV +1)
((You are camouflaged when in or above water. (Stealth+)))
You have tentacles for arms and can constrict up to eight enemies at once.


Message History

The orc shouts!
The adder hisses angrily.
You hit the orc priest. You grab the orc priest.
The orc priest is lightly wounded.
You hit the orc.
The orc is poisoned.
You constrict the orc priest.
An orc comes into view. It is wielding a +0 whip.
The orc priest misses you.
You closely miss the orc. Your grab misses the orc.
The orc is severely wounded.
You hit the orc priest.
The orc priest is poisoned.
You closely miss the orc. You constrict the orc priest.
The orc hits you with a +0 hand axe. The orc completely misses you.
The orc hits you from afar with a +0 trident.
The orc priest hits you but does no damage.
An orc comes into view. It is wielding a +0 dagger.
You release your grip on the orc priest.
You kill the orc!
The orc barely misses you.
You closely miss the orc priest. You grab the orc priest.
The orc priest is almost dead.
You hit the orc. You constrict the orc priest.
You kill the orc priest!
The orc hits you with a +0 hand axe. The orc closely misses you.
The orc barely misses you. The orc hits you with a +0 hand axe.
The orc closely misses you.
Your Dodging skill increases to level 3!
The orc attacks as you move away! The orc hits you with a +0 hand axe.
* * * LOW HITPOINT WARNING * * *
You hit the orc.
The orc is poisoned.
Your grab misses the orc.
The orc is severely wounded.
The orc hits you with a +0 dagger.
* * * LOW HITPOINT WARNING * * *
You barely miss the orc. Your grab misses the orc.
The orc is severely wounded.
An orc comes into view. It is wielding a +0 flail.
The orc barely misses you. x2
You barely miss the orc. Your grab misses the orc.
The orc is severely wounded.
You kill the orc!
The orc hits you from afar with a +0 trident!
You die...

#...####....._.....####
#.### ####.#.#.##..# ..#
#####.....#.......
.######...........##.#...
.....†...########## ...##
#........# ##....
#........## #####...####
######....####.......#
####...##.#@# #
###.#..#)###.###
#....Soo......
##......o.#.##
#$.......)o......
#.###.........##.
#.#..........
#.#.###....o. #.#<#
......


You could see an adder and 5 orcs.

Vanquished Creatures
  An orc priest (D:3)
  A gnoll (D:1)
  A dart slug (D:2)
  2 orcs (D:3)
  3 endoplasms
  3 giant cockroaches
  A goblin (D:1)
  12 hobgoblins
  A kobold (D:1)
  2 quokkas
  4 ball pythons
  4 bats
  4 frilled lizards
  4 rats
43 creatures vanquished.

Notes
Turn   | Place    | Note
-------+----------+-------------------------------------------
     0 | D:1      | jimonade the Octopode Warper began the quest for the Orb.
     0 | D:1      | Reached XP level 1. HP: 14/14 MP: 3/3
   200 | D:1      | Reached XP level 2. HP: 20/20 MP: 5/5
   357 | D:1      | Reached XP level 3. HP: 24/25 MP: 6/6
  1379 | D:2      | Reached skill level 1 in Stealth
  1899 | D:3      | Found a faded altar of an unknown god.
  1909 | D:3      | Reached XP level 4. HP: 30/30 MP: 7/7
  1961 | D:3      | Slain by an orc

Illustrated notes

Levels and vault maps discovered:
D:1:      minmay_arrival_arboretum_small, layout_loops_corners, st_stairs_12,
          minmay_octomino_e4
D:2:      minmay_general_purpose_star, layout_basic
D:3:      layout_rooms, okawaru_metal_pillars_1_2, nicolae_wu_jian_wuxing_cycle,
          chequers_ecumenical_altar_simple, uniq_terence

Skill      XL: |  1  2  3  4 |
---------------+-------------+-----
Stealth        | 1 |  1.8
Dodging        | 3 |  3.0
Fighting       | |  2.6
Short Blades   | |  2.2
Throwing       | |  1.0
Spellcasting   | |  2.1
Translocations | |  3.8

Action                     |  1- 3 |  4- 6 || total
---------------------------+-------+-------++-------
  Melee: Short sword       |    60 |       ||    60
         Constrict         |    20 |     2 ||    22
         Tentacles         |    17 |       ||    17
         Hand axe          |    18 |     6 ||    24
   Stab: Sleeping          |     7 |       ||     7
 Armour: Skin              |     6 |     1 ||     7
  Dodge: Dodged            |    44 |     8 ||    52

Table legend: (Time is in decaauts)
 A = Elapsed time spent in this place.
 B = Non-inter-level travel time spent in this place.
 C = Inter-level travel time spent in this place.
 D = Time resting spent in this place.
 E = Time spent auto-exploring this place.
 F = Levels seen in this place.
 G = Mean time per level.
                   A        B        C        D        E       F      G
               +--------+--------+--------+--------+--------+-----+--------+
         Total |   1959 |   1929 |     30 |      0 |   1585 |   3 |  653.0 |
       Dungeon |   1959 |   1929 |     30 |      0 |   1585 |   3 |  653.0 |
               +--------+--------+--------+--------+--------+-----+--------+

Top non-repeatable levels by time:
     D:1: 1006 daAuts
     D:2: 824 daAuts
     D:3: 128 daAuts
